 Dungeon Crawl Stone Soup version 0.16-a0-4097-gb4d75fa (webtiles) character file.

11281 Chiseanne the Reanimator (level 11, 0/87 (89) HPs)
             Began as a Demonspawn Wanderer on Feb 25, 2015.
             Was the Champion of Cheibriados.
             Slain by a five-headed hydra (4 damage)
             ... summoned by a shadow trap
             ... triggered by the player character
             ... on level 2 of the Lair of Beasts.
             The game lasted 01:34:57 (17454 turns).

Chiseanne the Reanimator (Demonspawn Wanderer)     Turns: 17454, Time: 01:34:57

HP:   0/87 (89)     AC:  9    Str: 32    XL:     11   Next: 47%
MP:   27/29         EV: 11    Int: 34    God:    Cheibriados [******]
Gold: 664           SH:  0    Dex: 44    Spells: 8 memorised, 3 levels left

rFire  . . .     SeeInvis .     a - +3 spear "Wacuasur" {drain, rPois rF- rN+ Dex+9}
rCold  . . .     Clarity  .     R - -2 robe of Trial and Error {rElec rF+ Dex+5}
rNeg   + . .     SustAb   .     (no shield)
rPois  +         Gourm    .     (no helmet)
rElec  +         Spirit   .     A - +2 cloak
rCorr  .         Warding  .     (no gloves)
rMut   .         Stasis   .     h - +1 pair of boots
MR     .....                    (no amulet)
Stlth  +++++.....               G - ring "Treoh" {rPois Str+4}
                                r - +5 ring of intelligence

@: very slow, not resistant to hostile enchantments, quite stealthy
A: thin metallic scales 2, demonic guardian 1, nightstalker 1, robust 1
a: Bend Time, Temporal Distortion, Slouch, Step From Time, Renounce Religion


You were on level 2 of the Lair of Beasts.
You worshipped Cheibriados.
Cheibriados was exalted by your worship.
You were not hungry.

You visited 2 branches of the dungeon, and saw 13 of its levels.
You also visited: Labyrinth.

You collected 664 gold pieces.

Inventory:

Hand weapons
 a - the +3 spear "Wacuasur" (weapon) {drain, rPois rF- rN+ Dex+9}
   (You took it off an orc on level 4 of the Dungeon)

   A truly terrible weapon, it drains the life of those it strikes.
   It affects your dexterity (+9).
   It makes you vulnerable to fire.
   It protects you from poison.
   It protects you from negative energy.
 d - a +0 battleaxe of flaming
 n - a +1 hunting sling of evasion
 s - a +3 flail of protection
Armour
 h - a +1 pair of boots (worn)
 A - a +2 cloak (worn)
 I - a +0 scale mail of cold resistance
 R - the -2 robe of Trial and Error (worn) {rElec rF+ Dex+5}
   (You found it on level 8 of the Dungeon)

   It affects your dexterity (+5).
   It protects you from fire.
   It insulates you from electricity.
Magical staves
 D - an uncursed staff of power
Rods
 q - a +6 rod of the swarm (9/9)
   (You found it in a labyrinth)
 w - a +2 rod of shadows (14/14)
   (You found it in a labyrinth)
Jewellery
 g - an uncursed amulet of stasis
 r - a +5 ring of intelligence (left hand)
 G - the ring "Treoh" (right hand) {rPois Str+4}
   (You found it on level 5 of the Dungeon)

   [ring of poison resistance]

   It affects your strength (+4).
   It protects you from poison.
Magical devices
 l - a wand of disintegration (0)
 x - a wand of disintegration (17)
Scrolls
 t - 2 scrolls of magic mapping
 F - 4 scrolls of fog
 H - a scroll of vulnerability
 L - 4 scrolls of teleportation
 Q - 3 scrolls of remove curse
Potions
 f - 5 potions of restore abilities
 i - 2 potions of ambrosia
 k - a potion of heal wounds
 p - a potion of magic
 B - a potion of resistance
 C - a potion of agility
 K - 3 potions of cancellation
 M - 2 potions of curing
Books
 e - a book of Control

   Spells                             Type                      Level
   a - Control Teleport               Charms/Translocation         4
   b - Control Undead                 Necromancy                   4
   c - Enslavement                    Hexes                        4
   d - Metabolic Englaciation         Hexes/Ice                    5
   e - Mass Confusion                 Hexes                        6
Miscellaneous
 m - a phial of floods (inert)
Comestibles
 b - a royal jelly
 j - 7 meat rations
 J - 2 bread rations


   Skills:
 - Level 6.0 Fighting
 - Level 6.1 Armour
 - Level 2.7 Stealth
   Level 1.0 Shields
 * Level 9.5 Spellcasting
   Level 2.0 Hexes
 * Level 8.7 Summonings
 - Level 9.7 Necromancy


You had 3 spell levels left.
You knew the following spells:

 Your Spells              Type           Power        Failure   Level  Hunger
a - Shadow Creatures      Summ           N/A          1%          5    ###....
b - Call Canine Familiar  Summ           ######..     1%          3    None
c - Animate Skeleton      Necr           N/A          1%          1    None
d - Vampiric Draining     Necr           ######....   1%          3    None
e - Regeneration          Chrm/Necr      #####.....   1%          3    None
f - Animate Dead          Necr           N/A          1%          4    None
g - Abjuration            Summ           ######....   1%          3    None
h - Control Undead        Necr           ######....   1%          4    None


Dungeon Overview and Level Annotations

Branches:
Dungeon (11/15)            Temple (0/1) D:4            Lair (2/8) D:11
    Orc: D:9-12

Altars:
Ashenzari
Cheibriados
Elyvilon
Nemelex Xobeh
Ru
Sif Muna
Trog
Xom
Yredelemnul


Innate Abilities, Weirdness & Mutations

You are mostly covered in thin metallic scales (AC +3).
A weak demonic guardian rushes to your aid.
You are slightly more attuned to the shadows.
You are robust (+10% HP).


Message History

As you read the scroll of fear, it crumbles to dust.
You assume a fearsome visage.
The black bear looks frightened!
Your elephant zombie is unaffected.
The five-headed hydra resists with almost no effort.
The porcupine looks frightened!
The yak looks frightened!
The yak looks frightened!
The five-headed hydra barely misses you.
The five-headed hydra bites you. x2
The five-headed hydra bites you but does no damage.
The five-headed hydra closely misses you.
Read which item? (? for menu, Esc to quit)
You can't read that!
The five-headed hydra bites you!
* * * LOW HITPOINT WARNING * * *
The five-headed hydra closely misses you.
The five-headed hydra bites you!
* * * LOW HITPOINT WARNING * * *
The five-headed hydra closely misses you.
The five-headed hydra bites you.
You die...

..........##
.........$.##
#...........#
..##.......Y...##
..#........Zh...###
#..#.......^.......
#...P............##
.#...D..........P#
#.#..@......Y....#
####.....P#.####..#
##......####..# ### ...
##.......###..##
..P##.......###....######
#...........##.......#..#
#.........P##..........#
#.........##..........#
###.......##[..........#


You could see a five-headed hydra and a yak (fleeing).

Vanquished Creatures
  Pikel (D:6)
  A two-headed ogre (D:8)
  A basilisk (Lab)
  A yak (D:11)
  A shadow (Lab)
  A hippogriff (D:7)
  Edmund (D:4)
  An ice beast (D:9)
  A necrophage (D:6)
  3 sky beasts
  A phantom (D:4)
  5 orc warriors
  4 centaurs
  An ogre (D:7)
  A gnoll sergeant (D:8)
  5 giant frogs
  4 killer bees (D:7)
  2 scorpions
  4 wights
  A quasit (D:5)
  3 hounds
  4 orc priests
  11 orc wizards
  Crazy Yiuf (D:2)
  3 human zombies (D:9)
  2 giant frog skeletons
  Natasha (thrice) (D:3)
  5 worker ants
  2 killer bee zombies
  Jessica (D:3)
  An ogre skeleton (Lab)
  Terence (D:2)
  3 hound skeletons
  A worker ant zombie (D:5)
  2 gnolls (D:8)
  13 adders
  3 giant mites
  3 orc skeletons (D:6)
  2 shadow imps
  A worm (D:2)
  An adder skeleton (D:4)
  14 giant geckos
  2 oozes (D:3)
  34 orcs
  A ball python (D:1)
  3 bat skeletons
  2 bat zombies
  2 giant cockroaches
  11 hobgoblins
  14 jackals
  13 kobolds
  A ball python skeleton (D:4)
  19 bats
  A giant gecko skeleton (D:4)
  A giant gecko zombie (D:5)
  8 giant newts
  A giant newt skeleton (D:6)
  5 goblins
  4 jackal skeletons
  An orc zombie (D:9)
  4 quokkas
  A quokka skeleton (D:6)
  13 rats
  A ballistomycete (D:6)
  A fungus (Lair:1)
263 creatures vanquished.

Vanquished Creatures (collateral kills)
  2 hydras (Lair:1)
  2 unseen horrors (D:11)
  A hill giant (D:10)
  2 ugly things (D:11)
  3 elephants (Lair:2)
  A centaur zombie (D:10)
  2 komodo dragons (Lair:1)
  A merfolk (D:10)
  A trapdoor spider zombie (D:11)
  A shadow (Lab)
  5 basilisks
  9 yaks
  2 wraiths (D:9)
  A trapdoor spider (Lab)
  Eustachio (D:6)
  4 wolves (Lair:1)
  A hippogriff (Lair:1)
  A hungry ghost (D:10)
  4 porcupines (Lair:1)
  A black bear (D:10)
  A water moccasin (Lair:1)
  2 orc warriors
  A phantom (D:6)
  2 ice beasts
  2 centaurs
  2 necrophages
  4 ogres
  3 giant frogs
  A wyvern zombie (D:9)
  A troll zombie (D:9)
  3 killer bees (D:10)
  9 wights
  A troll skeleton (Lab)
  A giant frog zombie (D:11)
  4 crimson imps
  2 orc priests
  2 hounds (Lair:1)
  2 jellies
  A centaur skeleton (Lab)
  A worker ant (D:11)
  5 orc wizards
  A human skeleton (D:9)
  An ogre skeleton (Lab)
  A mummy (D:9)
  10 adders
  2 gnolls (D:8)
  2 shadow imps
  13 orcs
  A bat skeleton (D:7)
  A goblin (D:6)
  3 hobgoblins
  3 jackals
  A quokka (Lair:1)
  2 bats
  2 giant geckos
  2 kobolds
  A rat (D:10)
141 creatures vanquished.

Vanquished Creatures (others)
  A komodo dragon (Lair:1)
  A warg (Lab)
  14 wolves
  A porcupine (Lair:1)
  An elephant zombie (Lair:2)
  A centaur (D:6)
  A crocodile (Lair:1)
  A komodo dragon zombie (Lair:1)
  2 yak zombies (Lair:2)
  A hippogriff zombie (Lair:1)
  8 crimson imps
  14 quasits
  A black bear zombie (D:10)
  2 giant frog skeletons
  20 hounds
  An iguana (Lair:1)
  A porcupine zombie (Lair:1)
  11 iron imps
  A human skeleton (Lab)
  A porcupine skeleton (Lair:1)
  4 killer bee zombies
  An ogre zombie (D:11)
  2 necrophage skeletons
  A hound zombie (Lair:1)
  3 adders (Lair:1)
  3 gnoll skeletons (D:8)
  8 river rats (Lair:1)
  8 white imps
  14 ufetubi
  4 adder zombies
  4 orc zombies
  17 bats
  A bat skeleton (D:8)
  2 bat zombies (D:8)
  A giant cockroach (D:6)
  2 giant gecko zombies
  A giant spore (D:6)
  A hobgoblin zombie (D:10)
  2 jackal zombies (D:8)
  A kobold skeleton (D:8)
  A kobold zombie (D:10)
  14 orc skeletons
  26 quokkas
  A quokka zombie (Lair:1)
  30 rats
236 creatures vanquished.

Grand Total: 640 creatures vanquished

Notes
Turn   | Place    | Note
--------------------------------------------------------------
     0 | D:1      | Chiseanne, the Demonspawn Wanderer, began the quest for the Orb.
     0 | D:1      | Chiseanne set off with: a +2 scale mail, the Handbook of the Entourage, a potion of lignification, a +0 dagger, a bread ration
     0 | D:1      | Reached XP level 1. HP: 15/15 MP: 3/3
     8 | D:1      | Identified the Handbook of the Entourage
    10 | D:1      | Learned a level 1 spell: Summon Small Mammal
   221 | D:1      | Gained mutation: You are partially covered in thin metallic scales (AC +2). [demonic ancestry]
   221 | D:1      | Reached XP level 2. HP: 19/21 MP: 4/4
   463 | D:1      | Reached XP level 3. HP: 26/26 MP: 4/6
   595 | D:1      | Gained mutation: You are agile. (Dex +2) [potion of mutation]
   595 | D:1      | Lost mutation: You are agile. (Dex +2) [potion of mutation]
   595 | D:1      | Gained mutation: You are robust (+10% HP). [potion of mutation]
   847 | D:2      | Gained mutation: You are mostly covered in thin metallic scales (AC +3). [demonic ancestry]
   847 | D:2      | Reached XP level 4. HP: 27/36 MP: 8/8
  1187 | D:2      | Reached skill level 3 in Spellcasting
  1443 | D:2      | Noticed Crazy Yiuf
  1457 | D:2      | Killed Crazy Yiuf
  1511 | D:2      | Reached XP level 5. HP: 41/41 MP: 11/11
  1620 | D:2      | Noticed Terence
  1646 | D:2      | Killed Terence
  1658 | D:2      | Found a deep blue altar of Sif Muna.
  1660 | D:2      | Found a bloodstained altar of Trog.
  1808 | D:3      | Learned a level 1 spell: Animate Skeleton
  1892 | D:3      | Noticed Natasha
  1905 | D:3      | Killed Natasha
  1915 | D:3      | Found a snail-covered altar of Cheibriados.
  1942 | D:3      | Noticed Jessica
  1951 | D:3      | Killed Jessica
  2063 | D:3      | Noticed Natasha
  2069 | D:3      | Killed Natasha
  2401 | D:3      | Reached XP level 6. HP: 50/50 MP: 13/13
  2496 | D:3      | Found a white marble altar of Elyvilon.
  2717 | D:4      | Found a sacrificial altar of Ru.
  2786 | D:4      | Found a sparkling altar of Nemelex Xobeh.
  3018 | D:4      | Reached skill level 4 in Armour
  3040 | D:4      | Learned a level 3 spell: Call Canine Familiar
  3050 | D:5      | Entered Level 5 of the Dungeon
  3107 | D:5      | Gained mutation: A weak demonic guardian rushes to your aid. [demonic ancestry]
  3107 | D:5      | Reached XP level 7. HP: 34/57 MP: 15/15
  3135 | D:5      | Got a flickering jade ring
  3137 | D:5      | Identified the ring "Treoh" {rPois Str+4} (You found it on level 5 of the Dungeon)
  3291 | D:5      | Reached skill level 5 in Armour
  4081 | D:5      | Reached skill level 6 in Armour
  4081 | D:5      | Gained mutation: You are slightly more attuned to the shadows. [demonic ancestry]
  4081 | D:5      | Reached XP level 8. HP: 61/66 MP: 18/18
  4438 | D:7      | Reached skill level 5 in Fighting
  5064 | D:8      | Reached skill level 5 in Spellcasting
  5104 | D:8      | Noticed a two-headed ogre
  5119 | D:8      | Killed a two-headed ogre
  5674 | D:8      | Reached XP level 9. HP: 36/75 MP: 3/21
  6085 | D:7      | Reached skill level 1 in Necromancy
  6279 | D:3      | Noticed Natasha
  6290 | D:3      | Killed Natasha
  6317 | D:3      | Became a worshipper of Cheibriados the Contemplative
  6322 | D:3      | Learned a level 3 spell: Vampiric Draining
  6326 | D:3      | Learned a level 3 spell: Regeneration
  6331 | D:3      | Learned a level 4 spell: Animate Dead
  6519 | D:4      | Found a staircase to the Ecumenical Temple.
  6562 | D:4      | Got an ivory spear {drain}
  6649 | D:4      | Identified the +3 spear "Wacuasur" {drain, rPois rF- rN+ Dex+9} (You took it off an orc on level 4 of the Dungeon)
  6717 | D:4      | Noticed Edmund
  6736 | D:4      | Killed Edmund
  7292 | D:6      | Reached skill level 5 in Necromancy
  7456 | D:6      | Got a faintly humming chain mail
  7512 | D:6      | Noticed Eustachio
  7526 | D:6      | Killed Eustachio
  7736 | D:6      | Identified the +4 chain mail of Bedghegh {MP+9} (You found it on level 6 of the Dungeon)
  8033 | D:6      | Learned a level 3 spell: Abjuration
  8037 | D:6      | Noticed Pikel
  8050 | D:6      | Killed Pikel
  8050 | D:6      | Reached skill level 7 in Necromancy
  8231 | D:7      | Reached skill level 8 in Necromancy
  8478 | D:7      | Found a shattered altar of Ashenzari.
  8489 | D:7      | Found a sparkling altar of Nemelex Xobeh.
  8786 | D:8      | Reached XP level 10. HP: 83/83 MP: 22/22
  8866 | D:8      | Found a bloodstained altar of Trog.
  8872 | D:8      | Acquired Cheibriados' first power
  9004 | D:8      | Got a fabulously ornate robe
  9015 | D:8      | Identified the cursed -2 robe of Trial and Error {rElec rF+ Dex+5} (You found it on level 8 of the Dungeon)
  9207 | D:8      | Reached skill level 9 in Necromancy
  9932 | D:9      | Reached skill level 5 in Summonings
 10504 | D:9      | Acquired Cheibriados' second power
 10753 | D:9      | Found a basalt altar of Yredelemnul.
 11457 | D:10     | Entered Level 10 of the Dungeon
 12034 | D:10     | Noticed a hill giant
 12046 | D:10     | Killed a hill giant
 12055 | D:10     | Learned a level 4 spell: Control Undead
 12153 | D:10     | Acquired Cheibriados' third power
 12939 | D:11     | Noticed a purple ugly thing
 12952 | D:11     | Killed a purple ugly thing
 13126 | D:11     | Noticed a purple ugly thing
 13142 | D:11     | Killed a purple ugly thing
 13332 | D:11     | Found a shimmering altar of Xom.
 13596 | D:11     | Killed an unseen horror
 13608 | D:11     | Killed an unseen horror
 14033 | D:11     | Reached XP level 11. HP: 81/87 MP: 10/27
 14041 | D:11     | Found a staircase to the Lair.
 14168 | Lair:1   | Entered Level 1 of the Lair of Beasts
 14188 | Lair:1   | Learned a level 5 spell: Shadow Creatures
 14256 | Lair:1   | Found a labyrinth entrance.
 14264 | Lab      | Entered a labyrinth
 15204 | Lab      | Noticed a minotaur
 15224 | Lab      | HP: 2/87 [minotaur (5)]
 15334 | Lair:1   | Identified a +2 rod of shadows (14/14) (You found it in a labyrinth)
 15335 | Lair:1   | Identified a +6 rod of the swarm (9/9) (You found it in a labyrinth)
 15542 | Lair:1   | Noticed a five-headed hydra
 15547 | Lair:1   | Killed a five-headed hydra
 16145 | Lair:1   | Noticed a six-headed hydra
 16255 | Lair:1   | Killed a six-headed hydra
 17447 | Lair:2   | Noticed a five-headed hydra
 17454 | Lair:2   | HP: 4/87 [five-headed hydra[the player character] (10)]
 17454 | Lair:2   | Slain by a five-headed hydra

Action                   |  1- 3 |  4- 6 |  7- 9 | 10-12 || total
-------------------------+-------+-------+-------+-------++-------
Melee: Dagger            |   118 |   236 |   307 |       ||   661
       Quarterstaff      |       |       |    46 |       ||    46
       Flail             |       |       |    49 |    43 ||    92
       Spear             |       |       |    92 |   141 ||   233
 Fire: Hunting sling     |       |     3 |       |       ||     3
 Cast: Summon Small Mamm |       |     6 |    50 |    71 ||   127
       Animate Skeleton  |       |       |    39 |     1 ||    40
       Call Canine Famil |       |       |     6 |    71 ||    77
       Animate Dead      |       |       |     4 |    36 ||    40
       Regeneration      |       |       |     2 |     8 ||    10
       Vampiric Draining |       |       |       |    16 ||    16
       Control Undead    |       |       |       |     2 ||     2
       Shadow Creatures  |       |       |       |    41 ||    41
Evoke: Wand              |       |    16 |     5 |    14 ||    35
       Phial of floods ( |       |       |       |     1 ||     1
  Use: Scroll            |     5 |     8 |    10 |    16 ||    39
       Potion            |     1 |     1 |     4 |     6 ||    12
 Stab: Invisible         |       |     1 |       |       ||     1
       Distracted        |       |       |     4 |    10 ||    14
       Sleeping          |       |       |     7 |    17 ||    24
       Paralysed         |       |       |     1 |       ||     1
  Eat: Bread ration      |       |     1 |       |     3 ||     4
       Chunk             |       |     2 |    18 |     1 ||    21
       Royal jelly       |       |       |     1 |       ||     1
       Fruit             |       |       |       |     5 ||     5
       Beef jerky        |       |       |       |     5 ||     5
